Map: King's Cove LE

Players

soul

  • Race: Terran Terran
  • League: Grandmaster
  • Spawn Location: 11:00

HeroMarine - Winner!

  • Race: Terran Terran
  • League: Master
  • Spawn Location: 5:00

Event: HomeStory Cup XIX

VOD

Have the link to the VOD?

Description

Time

  • Played on: June 28, 2019, 11:32 a.m.
  • Length: 11:41

All games in this series

Show
View Real Time Build Order
Export as new Build Order

soul Terran 

Build Orders:  

Get SALT Encoding   

  12  0:00  SCV  
  13  0:13  SCV  
  14  0:17  Supply Depot  
  14  0:25  SCV  
  15  0:30  Refinery  
  15  0:39  SCV  
  16  0:45  Barracks  
  16  0:51  SCV  
  17  0:59  Refinery  
  17  1:03  SCV  
  18  1:16  SCV  
  20  1:32  Orbital Command  
  20  1:34  Factory  
  20  1:38  Reaper  
  20  1:49  Supply Depot  
  20  1:59  SCV  
  21  2:11  SCV, Reaper  
  23  2:23  SCV  
  26  2:30  Hellion  
  26  2:34  Command Center  
  26  2:38  SCV  
  27  2:48  Supply Depot  
  27  2:50  SCV  
  28  2:57  Reaper, Hellion  
  31  3:09  SCV  
  31  3:12  Starport  
  31  3:21  Factory Tech Lab  
  31  3:22  SCV  
  32  3:27  Refinery  
  32  3:31  Barracks Tech Lab  
  32  3:34  SCV  
  33  3:46  SCV  
  33  3:47  Orbital Command  
  32  3:51  Cyclone  
  35  3:58  SCV  
  35  4:00  Raven  
  38  4:03  Barracks Reactor  
  38  4:10  SCV  
  38  4:13  SCV  
  40  4:22  SCV  
  40  4:23  Siege Tank  
  44  4:25  SCV  
  44  4:29  Supply Depot  
  45  4:34  SCV  
  45  4:37  SCV  
  47  4:38  Command Center  
  47  4:41  Marine  
  47  4:42  Marine  
  47  4:45  Raven  
  51  4:46  SCV  
  51  4:49  SCV  
  51  4:52  Supply Depot  
  53  4:58  SCV  
  53  4:59  Siege Tank  
  57  5:01  SCV  
  58  5:10  SCV  
  58  5:11  Refinery  
  58  5:13  SCV  
  60  5:15  Supply Depot  
  60  5:23  Barracks Tech Lab, SCV  
  60  5:25  SCV  
  60  5:27  Barracks  
  60  5:28  Raven  
  64  5:31  Barracks  
  64  5:35  SCV  
  65  5:37  Siege Tank, SCV  
  65  5:42  Stimpack  
  69  5:43  Marine  
  69  5:48  SCV  
  71  5:50  Orbital Command  
  71  5:55  SCV  
  72  5:57  Engineering Bay  
  72  6:00  Engineering Bay  
  72  6:03  SCV  
  73  6:07  SCV  
  73  6:10  Siege Tank  
  77  6:15  SCV  
  77  6:18  Barracks Reactor  
  78  6:22  Viking  
  78  6:23  Viking  
  78  6:24  SCV  
  78  6:25  Orbital Command, Barracks Reactor  
  83  6:29  Marine, SCV  
  83  6:31  Terran Infantry Weapons Level 1  
  85  6:34  Supply Depot, Terran Infantry Armor Level 1  
  85  6:36  SCV  
  86  6:43  SCV  
  87  6:48  Siege Tank, Marine, SCV  
  87  6:49  Supply Depot  
  87  6:50  Supply Depot  
  87  6:51  SCV  
  92  6:55  SCV  
  92  7:00  Viking x2  
  97  7:04  SCV  
  100  7:08  SCV  
  100  7:10  Supply Depot  
  100  7:11  Supply Depot  
  100  7:12  Marine x4  
  100  7:13  Marine  
  104  7:16  SCV  
  104  7:20  SCV  
  106  7:26  Supply Depot  
  106  7:27  Supply Depot  
  106  7:30  Siege Tank, Viking, Marine x4  
  106  7:31  Marine  
  116  7:37  SCV  
  116  7:39  Supply Depot  
  116  7:40  Refinery  
  116  7:42  Combat Shield, Refinery, SCV x2  
  119  7:47  Viking, Marine  
  119  7:48  Marine  
  123  7:55  Barracks, Supply Depot  
  123  7:56  Armory  
  123  7:57  Barracks  
  123  7:58  Marine  
  123  7:59  Marine x2  
  123  8:01  SCV  
  123  8:04  SCV x2  
  129  8:05  Marine x2  
  131  8:13  SCV  
  131  8:16  Siege Tank, Marine x2, SCV  
  136  8:30  Factory  
  140  8:35  Command Center  
  140  8:36  Medivac x2  
  140  8:38  Marine x4  
  140  8:39  Marine  
  145  8:44  Terran Infantry Weapons Level 2, Supply Depot  
  145  8:45  Terran Infantry Armor Level 2, Supply Depot  
  145  8:47  Barracks Reactor x2  
  145  8:55  Marine x2  
  145  8:56  Marine x2  
  145  8:57  Marine  
  145  8:59  SCV x3  
  153  9:06  Medivac x2  
  157  9:11  SCV  
  157  9:13  Marine  
  157  9:14  Marine x3  
  157  9:15  Siege Tank, Marine  
  166  9:22  Marine  
  167  9:26  Marine  
  167  9:28  Factory Tech Lab  
  168  9:31  Marine x2, Command Center  
  168  9:33  Marine  
  168  9:35  Marine  
  168  9:36  Marine  
  173  9:39  Marine  
  171  9:45  Medivac x2  
  171  9:46  Planetary Fortress  
  171  9:48  Marine x3  
  171  9:49  Marine x2  
  171  9:51  Marine  
  178  9:53  Marine  
  178  9:54  Marine  
  178  9:56  Marine  
  181  10:05  Siege Tank  
  181  10:06  Marine x3  
  183  10:11  Starport  
  183  10:12  Armory  
  183  10:13  Refinery, Starport, Fusion Core  
  183  10:14  Refinery  
  183  10:33  Marine x2  
  183  10:34  Marine x2, Sensor Tower  
  183  10:35  Marine x3  
  187  10:38  Command Center  
  194  10:48  Marine x2  
  164  10:51  Marine x4  
  164  10:53  Marine x3  
  137  10:58  Viking x2, Starport Reactor, Starport Tech Lab  
  137  11:01  Orbital Command  
  139  11:19  Marine x3  
  139  11:20  Marine  
Show
View Real Time Build Order
Export as new Build Order

HeroMarine Terran - Winner!

Build Orders:  

Get SALT Encoding   

  12  0:00  SCV  
  13  0:13  SCV  
  14  0:18  Supply Depot  
  14  0:25  SCV  
  15  0:29  Refinery  
  15  0:39  SCV  
  16  0:45  Barracks  
  16  0:51  SCV  
  17  0:58  Refinery  
  17  1:03  SCV  
  18  1:15  SCV  
  19  1:32  Orbital Command  
  19  1:34  Factory  
  19  1:36  Reaper  
  20  1:46  Supply Depot  
  20  1:58  SCV  
  21  2:08  Reaper  
  22  2:10  SCV  
  23  2:18  Hellion  
  23  2:22  SCV  
  26  2:31  Command Center  
  26  2:34  SCV  
  27  2:41  Supply Depot  
  27  2:42  Reaper  
  28  2:49  SCV  
  29  2:51  Hellion  
  31  3:02  Starport  
  31  3:03  SCV  
  32  3:15  SCV  
  32  3:16  Factory Tech Lab  
  32  3:17  Barracks Tech Lab  
  33  3:27  SCV  
  33  3:33  Refinery  
  34  3:37  Cyclone  
  34  3:39  SCV  
  35  3:47  Orbital Command  
  31  3:51  SCV  
  31  3:53  Raven  
  31  3:55  Barracks Reactor  
  34  4:03  SCV  
  34  4:09  Cyclone  
  38  4:13  SCV  
  38  4:15  SCV  
  40  4:25  SCV  
  40  4:27  SCV  
  42  4:32  Command Center  
  42  4:33  Marine  
  42  4:35  Raven, Marine  
  46  4:40  Supply Depot  
  46  4:41  SCV x2  
  48  4:47  Siege Tank  
  51  4:53  SCV x2  
  51  4:54  Marine  
  51  4:58  Refinery  
  54  5:02  Marine  
  54  5:05  SCV  
  54  5:06  SCV, Supply Depot  
  57  5:12  Marine  
  58  5:17  SCV  
  58  5:18  Raven, SCV  
  58  5:21  Supply Depot  
  62  5:27  Marine  
  62  5:28  Siege Tank  
  66  5:29  Marine  
  66  5:30  SCV x2  
  69  5:40  Engineering Bay  
  69  5:41  Engineering Bay  
  69  5:42  SCV x2  
  71  5:47  Orbital Command  
  72  5:54  SCV  
  72  5:55  SCV  
  73  6:01  Barracks Tech Lab  
  73  6:05  Siege Tank  
  73  6:10  Viking x2  
  80  6:15  Terran Infantry Weapons Level 1, Terran Infantry Armor Level 1  
  80  6:21  Orbital Command  
  80  6:23  Stimpack  
  80  6:25  Marine  
  81  6:27  Barracks  
  81  6:28  Barracks, SCV, Supply Depot  
  83  6:37  Siege Tank  
  86  6:40  SCV  
  86  6:42  Viking  
  86  6:43  Viking  
  86  6:45  SCV  
  86  6:46  SCV, Supply Depot  
  92  6:51  Marine  
  92  6:52  SCV  
  94  6:56  Supply Depot  
  94  6:57  SCV  
  94  6:58  SCV  
  96  7:04  SCV  
  94  7:09  Marine, SCV  
  94  7:10  SCV  
  94  7:13  Barracks x2  
  94  7:14  Viking  
  99  7:16  Viking, SCV  
  99  7:17  Barracks Reactor  
  99  7:18  Barracks Reactor  
  99  7:22  SCV x2  
  104  7:28  Supply Depot  
  104  7:29  Refinery x2, SCV  
  105  7:33  Marine  
  105  7:34  SCV  
  105  7:35  SCV  
  108  7:38  Armory  
  108  7:40  Supply Depot  
  108  7:41  SCV  
  109  7:45  Siege Tank  
  109  7:46  SCV  
  109  7:47  SCV  
  109  7:50  Supply Depot  
  114  7:52  Supply Depot  
  114  7:53  SCV  
  114  7:56  Sensor Tower  
  114  7:58  SCV  
  116  7:59  SCV  
  116  8:04  Barracks Reactor  
  116  8:05  Barracks Reactor, Medivac x2  
  117  8:06  Command Center  
  117  8:07  Marine x2  
  117  8:10  Marine x2  
  125  8:14  Marine  
  126  8:25  Marine x2  
  128  8:28  Marine x2  
  128  8:30  Siege Tank  
  128  8:31  Terran Infantry Weapons Level 2, Terran Infantry Armor Level 2  
  128  8:32  Marine  
  133  8:35  Supply Depot  
  133  8:36  Supply Depot  
  133  8:43  Marine x2  
  133  8:44  Combat Shield  
  133  8:45  Marine  
  133  8:46  Marine x4, Terran Vehicle Weapons Level 1  
  140  8:49  Marine  
  140  8:53  Supply Depot  
  140  8:55  Supply Depot  
  141  8:56  Marine  
  141  8:59  Medivac x2  
  141  9:01  Marine x2  
  148  9:03  Marine  
  148  9:04  Siege Tank, Marine x3  
  148  9:09  Marine x2  
  154  9:12  Factory  
  154  9:14  Marine  
  154  9:16  Missile Turret  
  156  9:18  Marine  
  156  9:19  Marine  
  156  9:21  Marine x2, SCV x2  
  156  9:22  SCV  
  163  9:27  Marine x2  
  163  9:29  Refinery  
  165  9:33  Marine x2, SCV  
  165  9:34  Refinery, SCV x2  
  165  9:37  Marine  
  165  9:38  Marine  
  172  9:39  Planetary Fortress  
  172  9:41  Marine x2  
  172  9:42  Viking  
  172  9:44  Siege Tank  
  179  9:47  Viking  
  179  9:49  SCV  
  179  9:50  SCV  
  179  9:51  SCV  
  184  9:55  Sensor Tower  
  184  9:56  Marine  
  184  9:57  Marine x2  
  187  10:01  Marine x2  
  187  10:04  Marine  
  187  10:05  Marine x2  
  193  10:12  Medivac  
  195  10:14  Marine  
  195  10:16  Marine  
  196  10:22  Supply Depot  
  196  10:27  Command Center  
  196  10:35  Barracks Reactor  
  196  10:43  Marine x4  
  196  10:44  Marine x2, Medivac  
  196  10:48  Marine x2  
  190  10:57  Medivac  
  190  10:58  Siege Tank x2  
  190  11:01  Marine x2  
  200  11:08  Armory  
  200  11:09  Starport  
  200  11:10  Starport  
  200  11:18  Command Center  
Tags
 
Add a new tag
Caveats
  • Supply blocks, unpowered buildings, or Contaminate may cause inaccurate times.
  • Supply counts are checked every 10 seconds.